 Dungeon Crawl Stone Soup version 0.17-a0-1508-ge7f3dc3 (webtiles) character file.

95 mrath the Skirmisher (level 4, -5/41 HPs)
             Began as a Hill Orc Wanderer on July 10, 2015.
             Slain by a gnoll
             ... wielding a +0 flail
              (11 damage)
             ... on level 3 of the Dungeon.
             The game lasted 00:20:00 (2071 turns).

mrath the Skirmisher (Hill Orc Wanderer)            Turns: 2071, Time: 00:20:00

Health: -5/41      AC:  5    Str: 15    XL:     4   Next: 66%
Magic:  4/4        EV: 12    Int: 12    God:
Gold:   175        SH:  0    Dex: 10    Spells: 0 memorised, 3 levels left

rFire  . . .     SeeInvis .     a - +3 falchion
rCold  . . .     Clarity  .     m - +1 leather armour
rNeg   . . .     SustAt   .     (no shield)
rPois  .         Gourm    .     (no helmet)
rElec  .         Spirit   .     (no cloak)
rCorr  .         Warding  .     g - +0 pair of gloves
rMut   .         Stasis   .     (no boots)
MR     .....                    (no amulet)
Stlth  +.........               (no ring)
                                (no ring)

@: not resistant to hostile enchantments, very unstealthy
A: no striking features
a: no special abilities


You were on level 3 of the Dungeon.
You were not hungry.

You visited 1 branch of the dungeon, and saw 3 of its levels.

You collected 175 gold pieces.

Inventory:

Hand weapons
 a - a +3 falchion (weapon)
 p - a +0 whip
Missiles
 l - 29 sling bullets
 n - a throwing net
 o - 12 stones
 r - 37 arrows
 t - a tomahawk (quivered)
Armour
 d - a +0 robe
 g - a +0 pair of gloves (worn)
 i - a +0 ring mail
 m - a +1 leather armour (worn)
Scrolls
 b - 3 scrolls of teleportation
 q - 2 scrolls of identify
Potions
 c - a potion of lignification
 f - 2 potions of curing
 j - 2 potions of agility {unknown}
 k - a potion of resistance {unknown}
 u - a potion of ambrosia {unknown}
 v - a potion of degeneration {unknown}
 x - a potion of mutation {unknown}
 z - a potion of cure mutation {unknown}
 B - a potion of heal wounds {unknown}
Comestibles
 e - 3 bread rations


   Skills:
 + Level 4.6 Fighting
 + Level 1.1 Long Blades
 + Level 1.5 Throwing
 + Level 1.4 Armour
 + Level 3.3 Dodging
 + Level 1.1 Stealth
   Level 1.0 Evocations


You had 3 spell levels left.
You didn't know any spells.

Dungeon Overview and Level Annotations

Branches:
Dungeon (3/15)

Altars:


Message History

The gnoll is heavily wounded.
The gnoll closely misses you. x2
The gnoll hits you but does no damage.
Read which item? (? for menu, Esc to quit)
As you read the scroll labeled ZERAPPYOFE, it crumbles to dust.
It is a scroll of recharging.
You aren't carrying any rechargeable items.
The gnoll hits you but does no damage.
You hit the gnoll.
The gnoll is heavily wounded.
The gnoll misses you. The gnoll closely misses you.
You hit the gnoll.
The gnoll is almost dead.
The gnoll misses you. The gnoll hits you.
You slash the gnoll!
You kill the gnoll!
The gnoll hits you from afar with a halberd!
* * * LOW HITPOINT WARNING * * *
The gnoll hits you with a flail!
You die...

.. #. ...... . #.
..#..# .# #.
#.#..#b<#
#.####....#..#
#............#
##.###.......#
##.###l......#
#...@ggg...(.#
##.#####(....# #.#
.....# ### ### #.#
..g..# #.#
#.####.#####...#.#
#.#
#.)..........>..
.g #.#
#.#####.#####..#.
. . #.# #.# #.#
..#.# # #.# #.#
###.#####..


You could see 3 gnolls and a giant newt.

Vanquished Creatures
  Ijyb (D:2)
  A gnoll (D:3)
  An adder (D:2)
  2 oozes (D:2)
  A worm (D:2)
  2 giant geckos (D:1)
  An orc (D:3)
  6 giant cockroaches
  6 goblins
  5 hobgoblins
  A bat (D:2)
  A giant newt (D:1)
  4 kobolds
  A rat (D:2)
33 creatures vanquished.

Notes
Turn   | Place    | Note
--------------------------------------------------------------
     0 | D:1      | mrath the Hill Orc Wanderer began the quest for the Orb.
     0 | D:1      | mrath set off with: a +2 falchion, a scroll of teleportation, a potion of lignification, a +0 robe, a bread ration
     0 | D:1      | Reached XP level 1. HP: 19/19 MP: 1/1
    46 | D:1      | Reached skill level 4 in Fighting
   173 | D:1      | Reached XP level 2. HP: 27/27 MP: 2/2
   725 | D:2      | Reached XP level 3. HP: 18/34 MP: 3/3
  1199 | D:2      | Noticed Ijyb
  1241 | D:2      | Killed Ijyb
  1241 | D:2      | Reached skill level 1 in Armour
  1241 | D:2      | Reached XP level 4. HP: 18/41 MP: 4/4
  2071 | D:3      | Slain by a gnoll

Vault maps used:
D:1:      minmay_arrival_four_circles
D:2:      uniq_iyjb
D:3:      uniq_sigmund, uniq_natasha

Action                   |  1- 3 |  4- 6 || total
-------------------------+-------+-------++-------
Melee: Falchion          |    88 |    40 ||   128
Throw: Tomahawk          |    18 |    16 ||    34
  Use: Scroll            |     1 |     6 ||     7
 Stab: Sleeping          |       |     1 ||     1
  Eat: Chunk             |     1 |       ||     1
       Meat ration       |       |     1 ||     1
